AoeStats
← ernesto_flamarique

QS Arena

503193365Analyzed
2v2 RM · 1mo ago on Aug 30, 2026· 21m 21s· 4 players
Game mode
Random Map
Map size
Medium (4 player)
Population
200
Speed
Normal
Resources
Standard
Victory
Conquest
Starting age
Dark Age
Ending age
Imperial Age
RankedLock teamsTeams togetherTeam positionsShared explorationLock speedFull tech treeHidden civsTurbo modeCheats
Victory
Defeat
🇨🇳 Huns · China
708
+11
🇦🇹 Franks · Austria
688
+11
🇭🇺 Huns · Hungary
631
-29
🇹🇷 Wu · Türkiye
541
-9
JohnnyLesh
0:36 Loom
8:11 Feudal Age
9:28 Wheelbarrow
8:43 Double-Bit Axe
9:46 Gold Mining
11:14 Horse Collar
12:40 Town Watch
14:25 Stone Mining
20:50 Castle Age
ernesto_flamarique
11:57 Feudal Age
13:18 Wheelbarrow
12:42 Loom
13:18 Town Watch
14:51 Double-Bit Axe
16:50 Horse Collar
18:40 Gold Mining
18:42 Stone Mining
Law
5:24 Loom
8:29 Feudal Age
10:23 Double-Bit Axe
13:40 Wheelbarrow
14:28 Gold Mining
14:47 Stone Mining
18:09 Castle Age
17:29 Scale Barding Armor
17:27 Scale Mail Armor
one a fish
8:29 Feudal Age
9:52 Horse Collar
13:27 Castle Age
12:26 Stone Mining
12:24 Double-Bit Axe
12:37 Loom
13:50 Horse Collar
15:13 Bow Saw
16:43 Gold Mining
18:25 Fletching
21:54 Thumb Ring
Connection lost

Rejoining the realm…

Still unreachable

The connection could not be restored.

Session expired

The server has moved on; the page needs a fresh start.